TOP OF THE 1ST |
Baylor Bears batting - Pitching for Colorado Buffaloes : RHP Cole Reynolds
|
Pitching: RHP Cole Reynolds
|
|
Batting: SHB Rob Lowe
|
0-0: Called Strike 0-1: Called Strike 0-2: Foul Ball, location: 2F 0-2: Ball 1-2: Ball 2-2: Ball 3-2: Strikes out swinging
|
Batting: RHB Deron Simmons
|
0-0: Called Strike 0-1: Swinging Strike 0-2: Ball 1-2: Fly out, F8 (Flyball, 8RS)
|
Batting: RHB Patrick Love
|
0-0: Ball 1-0: Ground out U3 (Groundball, 34)
|
Top of the 1st over - 0 run(s), 0 hit(s), 0 error(s), 0 left on base; Baylor 0 - Colorado 0 |
BOTTOM OF THE 1ST |
Colorado Buffaloes batting - Pitching for Baylor Bears : RHP Richard Carlton
|
Pitching: RHP Richard Carlton
|
|
Batting: SHB Edgardo Guzmán
|
0-0: Swinging Strike 0-1: Swinging Strike 0-2: Foul Ball, location: 2F 0-2: Ball 1-2: Ball 2-2: Strikes out swinging
|
Batting: LHB Marcos Fontanez
|
0-0: Ball 1-0: Ball 2-0: Ball 3-0: Base on Balls
|
Batting: LHB Ethan Shaw
|
0-0: Ball 1-0: Called Strike 1-1: SINGLE (Flyball, 89S) Marcos Fontanez to second Runner from 2nd tries for 3rd, SAFE, throw made to third Ethan Shaw to second
|
Batting: LHB Claudio Jaramillo
|
0-0: Ball 1-0: Ball 2-0: SINGLE (Line Drive, 34) Marcos Fontanez scores Ethan Shaw to third Runner from 3rd tries for Home, throw and OUT!
|
Batting: RHB John Jones
|
0-0: SINGLE (Groundball, 4MD) Claudio Jaramillo to second
|
Batting: SHB Caleb Hart
|
0-0: Swinging Strike 0-1: Called Strike 0-2: Strikes out looking
|
Bottom of the 1st over - 1 run(s), 3 hit(s), 0 error(s), 2 left on base; Baylor 0 - Colorado 1 |
TOP OF THE 2ND |
Baylor Bears batting - Pitching for Colorado Buffaloes : RHP Cole Reynolds
|
Batting: RHB Dave Coleman
|
0-0: Called Strike 0-1: Ball 1-1: Called Strike 1-2: Foul Ball, location: 2F 1-2: Foul Ball, location: 2F 1-2: Strikes out swinging
|
Batting: LHB Pepe González
|
0-0: Ball 1-0: Ball 2-0: Ball 3-0: Base on Balls
|
Batting: RHB Mike Armstrong
|
0-0: Swinging Strike 0-1: Ball 1-1: Ball 2-1: Foul Ball, location: 2F 2-2: Ball 3-2: Base on Balls Pepe González to second
|
Batting: LHB Robert Hardin
|
0-0: Swinging Strike 0-1: Ball 1-1: Foul Ball, location: 2F 1-2: Ball 2-2: 3-RUN HOME RUN (Flyball, 8RXD), Distance : 385 ft
|
Batting: RHB Bill Ward
|
0-0: Ground out 5-3 (Groundball, 5L)
|
Batting: LHB Allen Hall
|
0-0: Ball 1-0: Ball 2-0: Ground out 6-3 (Groundball, 6)
|
Top of the 2nd over - 3 run(s), 1 hit(s), 0 error(s), 0 left on base; Baylor 3 - Colorado 1 |
BOTTOM OF THE 2ND |
Colorado Buffaloes batting - Pitching for Baylor Bears : RHP Richard Carlton
|
Batting: LHB Jack Jefferson
|
0-0: Ball 1-0: Ball 2-0: Called Strike 2-1: Ground out 1-3 (Groundball, 15S)
|
Batting: LHB Mark Spencer
|
0-0: Ball 1-0: Ball 2-0: Ball 3-0: Base on Balls
|
Batting: RHB Jeff Atkinson
|
0-0: Ball 1-0: Ball 2-0: Called Strike 2-1: Ball Throwing error on steal attempt, E2 Mark Spencer to third 3-1: Foul Ball, location: 2F 3-2: Strikes out looking
|
Batting: SHB Edgardo Guzmán
|
0-0: SINGLE (Flyball, 89S) Mark Spencer scores
|
Batting: LHB Marcos Fontanez
|
0-0: Ball 1-0: Ball 2-0: Called Strike 2-1: Foul Ball, location: 2F 2-2: Ball Edgardo Guzmán is caught stealing 2nd base
|
Bottom of the 2nd over - 1 run(s), 1 hit(s), 1 error(s), 0 left on base; Baylor 3 - Colorado 2 |
TOP OF THE 3RD |
Baylor Bears batting - Pitching for Colorado Buffaloes : RHP Cole Reynolds
|
Batting: SHB Rob Lowe
|
0-0: Ball 1-0: Ground out 3-1 (Groundball, 34)
|
Batting: RHB Deron Simmons
|
0-0: Ball 1-0: Called Strike 1-1: Foul Ball, location: 2F 1-2: Strikes out swinging
|
Batting: RHB Patrick Love
|
0-0: Ground out U3 (Groundball, 34S)
|
Top of the 3rd over - 0 run(s), 0 hit(s), 0 error(s), 0 left on base; Baylor 3 - Colorado 2 |
BOTTOM OF THE 3RD |
Colorado Buffaloes batting - Pitching for Baylor Bears : RHP Richard Carlton
|
Batting: LHB Marcos Fontanez
|
0-0: Called Strike 0-1: Ball 1-1: Called Strike 1-2: Ball 2-2: Foul Ball, location: 2F 2-2: Ball 3-2: Foul Ball, location: 2F 3-2: SOLO HOME RUN (Flyball, 89XD), Distance : 385 ft
|
Batting: LHB Ethan Shaw
|
0-0: Ball 1-0: Ball 2-0: Swinging Strike 2-1: Fly out, F8 (Flyball, 8LS)
|
Batting: LHB Claudio Jaramillo
|
0-0: Ball 1-0: Ball 2-0: Ball 3-0: Foul Ball, location: 2F 3-1: Base on Balls
|
Batting: RHB John Jones
|
0-0: Fly out, F9 (Flyball, 9LS)
|
Batting: SHB Caleb Hart
|
0-0: Swinging Strike 0-1: Called Strike 0-2: Foul Ball, location: 2F 0-2: Strikes out swinging
|
Bottom of the 3rd over - 1 run(s), 1 hit(s), 0 error(s), 1 left on base; Baylor 3 - Colorado 3 |
TOP OF THE 4TH |
Baylor Bears batting - Pitching for Colorado Buffaloes : RHP Cole Reynolds
|
Batting: RHB Dave Coleman
|
0-0: Ball 1-0: Foul Ball, location: 2F 1-1: Called Strike 1-2: Strikes out looking
|
Batting: LHB Pepe González
|
0-0: Ball 1-0: Fly out, F5 (Popup, 5L)
|
Batting: RHB Mike Armstrong
|
0-0: Ball 1-0: Foul Ball, location: 2F 1-1: Fly out, F3 (Line Drive, 3F)
|
Top of the 4th over - 0 run(s), 0 hit(s), 0 error(s), 0 left on base; Baylor 3 - Colorado 3 |
BOTTOM OF THE 4TH |
Colorado Buffaloes batting - Pitching for Baylor Bears : RHP Richard Carlton
|
Batting: LHB Jack Jefferson
|
0-0: Called Strike 0-1: Called Strike 0-2: Ball 1-2: Ball 2-2: SINGLE (Groundball, 4MD)
|
Batting: LHB Mark Spencer
|
0-0: Called Strike Jack Jefferson is caught stealing 2nd base 0-1: Ground out 4-3 (Groundball, 4)
|
Batting: RHB Jeff Atkinson
|
0-0: Called Strike 0-1: Foul Ball, location: 2F 0-2: Ball 1-2: Strikes out swinging
|
Bottom of the 4th over - 0 run(s), 1 hit(s), 0 error(s), 0 left on base; Baylor 3 - Colorado 3 |
TOP OF THE 5TH |
Baylor Bears batting - Pitching for Colorado Buffaloes : RHP Cole Reynolds
|
Batting: LHB Robert Hardin
|
0-0: Foul Ball, location: 2F 0-1: Foul Ball, location: 2F 0-2: Ground out 4-3 (Groundball, 4MS)
|
Batting: RHB Bill Ward
|
0-0: Ball 1-0: Foul Ball, location: 2F 1-1: Ball 2-1: Called Strike 2-2: Strikes out swinging
|
Batting: LHB Allen Hall
|
0-0: Ball 1-0: Ball 2-0: Foul Ball, location: 2F 2-1: Ball 3-1: Foul Ball, location: 2F 3-2: Base on Balls
|
Batting: SHB Rob Lowe
|
0-0: Called Strike 0-1: Ball 1-1: Foul Ball, location: 2F 1-2: Ball 2-2: Ball 3-2: Base on Balls Allen Hall to second
|
Batting: RHB Deron Simmons
|
0-0: Ball 1-0: Foul Ball, location: 2F 1-1: Ball 2-1: Swinging Strike 2-2: Fly out, F9 (Flyball, 89S)
|
Top of the 5th over - 0 run(s), 0 hit(s), 0 error(s), 2 left on base; Baylor 3 - Colorado 3 |
BOTTOM OF THE 5TH |
Colorado Buffaloes batting - Pitching for Baylor Bears : RHP Richard Carlton
|
Batting: SHB Edgardo Guzmán
|
0-0: Ball 1-0: Swinging Strike 1-1: Ground out U3 (Groundball, 34S)
|
Batting: LHB Marcos Fontanez
|
0-0: Ball 1-0: Ball 2-0: Ball 3-0: Called Strike 3-1: Fly out, F6 (Popup, 6)
|
Batting: LHB Ethan Shaw
|
0-0: Foul Ball, location: 2F 0-1: Foul Ball, location: 2F 0-2: Ball 1-2: Fly out, F3 (Popup, 34S)
|
Bottom of the 5th over - 0 run(s), 0 hit(s), 0 error(s), 0 left on base; Baylor 3 - Colorado 3 |
TOP OF THE 6TH |
Baylor Bears batting - Pitching for Colorado Buffaloes : RHP Cole Reynolds
|
Batting: RHB Patrick Love
|
0-0: Ball 1-0: Called Strike 1-1: Ball 2-1: Fly out, F8 (Flyball, 8LD)
|
Pitching: LHP David Rodríguez
|
|
Batting: RHB Dave Coleman
|
0-0: Ball 1-0: Ball 2-0: Called Strike 2-1: Foul Ball, location: 2F 2-2: Ball 3-2: Foul Ball, location: 2F 3-2: Base on Balls
|
Batting: LHB Pepe González
|
0-0: Ball 1-0: Fly out, F6 (Popup, 6MD)
|
Batting: RHB Mike Armstrong
|
0-0: Ball 1-0: Swinging Strike 1-1: Foul Ball, location: 2F 1-2: Foul Ball, location: 2F 1-2: Ball 2-2: Strikes out swinging
|
Top of the 6th over - 0 run(s), 0 hit(s), 0 error(s), 1 left on base; Baylor 3 - Colorado 3 |
BOTTOM OF THE 6TH |
Colorado Buffaloes batting - Pitching for Baylor Bears : RHP Richard Carlton
|
Pitching: RHP Gary Mickey
|
|
Batting: LHB Claudio Jaramillo
|
0-0: Swinging Strike 0-1: Ball 1-1: Ground out U3 (Groundball, 34)
|
Batting: RHB John Jones
|
0-0: Ball 1-0: Ball 2-0: SOLO HOME RUN (Flyball, 7LD), Distance : 334 ft
|
Batting: SHB Caleb Hart
|
0-0: Called Strike 0-1: Called Strike 0-2: Foul Ball, location: 2F 0-2: Foul Ball, location: 2F 0-2: Ball 1-2: Ball 2-2: Strikes out swinging
|
Batting: LHB Jack Jefferson
|
0-0: Ball 1-0: Ball 2-0: Ball 3-0: Called Strike 3-1: Base on Balls
|
Batting: LHB Mark Spencer
|
0-0: Called Strike 0-1: Foul Ball, location: 2F 0-2: Ball 1-2: Ball 2-2: Ball 3-2: Base on Balls Jack Jefferson to second
|
Batting: RHB Jeff Atkinson
|
0-0: Foul Ball, location: 2F 0-1: Ball 1-1: Ball 2-1: Foul Ball, location: 2F 2-2: Ball 3-2: Strikes out swinging
|
Bottom of the 6th over - 1 run(s), 1 hit(s), 0 error(s), 2 left on base; Baylor 3 - Colorado 4 |
TOP OF THE 7TH |
Baylor Bears batting - Pitching for Colorado Buffaloes : LHP David Rodríguez
|
Batting: LHB Robert Hardin
|
0-0: Ball 1-0: Ball 2-0: Called Strike 2-1: SINGLE (Flyball, 5L)
|
Batting: RHB Bill Ward
|
0-0: Ball 1-0: Fly out, F4 (Popup, 4MD)
|
Batting: LHB Allen Hall
|
0-0: Called Strike 0-1: Foul Ball, location: 2F 0-2: Strikes out looking
|
Pinch Hitting: LHB Sergio García
|
0-0: Called Strike 0-1: Ground out 3-1 (Groundball, 34S)
|
Top of the 7th over - 0 run(s), 1 hit(s), 0 error(s), 1 left on base; Baylor 3 - Colorado 4 |
BOTTOM OF THE 7TH |
Colorado Buffaloes batting - Pitching for Baylor Bears : RHP Gary Mickey
|
Now in CF: Jeff Sellers
|
|
Batting: SHB Edgardo Guzmán
|
0-0: Ball 1-0: Ball 2-0: Ground out 3-1 (Groundball, 23)
|
Batting: LHB Marcos Fontanez
|
0-0: Called Strike 0-1: Ball 1-1: SINGLE (Line Drive, 7LS)
|
Batting: LHB Ethan Shaw
|
0-0: Fly out, F7 (Flyball, 7S)
|
Batting: LHB Claudio Jaramillo
|
0-0: Ball 1-0: Foul Ball, location: 2F 1-1: Ball 2-1: Ball 3-1: Ground out U3 (Groundball, 3L)
|
Bottom of the 7th over - 0 run(s), 1 hit(s), 0 error(s), 1 left on base; Baylor 3 - Colorado 4 |
TOP OF THE 8TH |
Baylor Bears batting - Pitching for Colorado Buffaloes : LHP David Rodríguez
|
Pitching: RHP Andrew Harding
|
|
Batting: RHB Deron Simmons
|
0-0: Called Strike 0-1: Swinging Strike 0-2: Strikes out looking
|
Batting: RHB Patrick Love
|
0-0: Ball 1-0: Called Strike 1-1: Swinging Strike 1-2: Ball 2-2: Strikes out swinging
|
Batting: RHB Dave Coleman
|
0-0: Foul Ball, location: 2F 0-1: Foul Ball, location: 2F 0-2: Strikes out swinging
|
Top of the 8th over - 0 run(s), 0 hit(s), 0 error(s), 0 left on base; Baylor 3 - Colorado 4 |
BOTTOM OF THE 8TH |
Colorado Buffaloes batting - Pitching for Baylor Bears : RHP Gary Mickey
|
Batting: RHB John Jones
|
0-0: Foul Ball, location: 2F 0-1: Fly out, F8 (Flyball, 8LM)
|
Batting: SHB Caleb Hart
|
0-0: Called Strike 0-1: Ball 1-1: Foul Ball, location: 2F 1-2: Foul Ball, location: 2F 1-2: Ball 2-2: Ball 3-2: Foul Ball, location: 2F 3-2: Foul Ball, location: 2F 3-2: DOUBLE (Flyball, 8RXD)
|
Batting: LHB Jack Jefferson
|
0-0: Foul Ball, location: 2F 0-1: Swinging Strike 0-2: Ball 1-2: Ball 2-2: Foul Ball, location: 2F 2-2: Ball 3-2: Foul Ball, location: 2F 3-2: Base on Balls
|
Batting: LHB Mark Spencer
|
0-0: Ball 1-0: Called Strike 1-1: Ball 2-1: Fly out, F9 (Flyball, 9LM)
|
Batting: RHB Jeff Atkinson
|
0-0: Ball 1-0: Swinging Strike 1-1: Swinging Strike 1-2: Strikes out swinging
|
Bottom of the 8th over - 0 run(s), 1 hit(s), 0 error(s), 2 left on base; Baylor 3 - Colorado 4 |
TOP OF THE 9TH |
Baylor Bears batting - Pitching for Colorado Buffaloes : RHP Andrew Harding
|
Pitching: LHP Víctor Ramírez
|
|
Pinch Hitting: RHB Greg Williams
|
0-0: Called Strike 0-1: Swinging Strike 0-2: Ball 1-2: Strikes out swinging
|
Batting: RHB Mike Armstrong
|
0-0: Ball 1-0: Foul Ball, location: 2F 1-1: Foul Ball, location: 2F 1-2: Ball 2-2: Strikes out swinging
|
Pinch Hitting: RHB Charles Walters
|
0-0: Ball 1-0: SINGLE (Line Drive, 56)
|
Batting: RHB Bill Ward
|
0-0: Ball 1-0: Foul Ball, location: 2F 1-1: Swinging Strike 1-2: Ball 2-2: Fly out, F8 (Flyball, 8RM)
|
Top of the 9th over - 0 run(s), 1 hit(s), 0 error(s), 1 left on base; Baylor 3 - Colorado 4 |
|